 Dungeon Crawl Stone Soup version 0.20-a0-350-ga83eecc (webtiles) character file.

427 Goblin1989 the Charlatan (level 6, -1/58 HPs)
             Began as a Deep Dwarf Artificer on Dec 24, 2016.
             Slain by a scorpion (5 damage)
             ... on level 4 of the Dungeon.
             The game lasted 00:11:52 (2511 turns).

Goblin1989 the Charlatan (Deep Dwarf Artificer)     Turns: 2511, Time: 00:11:52

Health: -1/58      AC:  6    Str: 18    XL:     6   Next: 65%
Magic:  9/9        EV:  8    Int: 11    God:
Gold:   194        SH:  7    Dex: 13    Spells: 5/5 levels left

rFire  . . .     SeeInvis .     B - +0 hand axe
rCold  . . .     Gourm    .     y - +0 ring mail
rNeg   . . .     Faith    .     p - +0 shield (curse)
rPois  .         Spirit   .     (no helmet)
rElec  .         Reflect  .     (no cloak)
rCorr  .         Harm     .     (no gloves)
MR     .....                    k - +0 pair of boots (curse)
Stlth  +.........               (no amulet)
                                (no ring)
                                l - ring of flight

@: lethally poisoned (-1 -> -11), non-regenerating
A: damage resistance, recharge devices, sense surroundings 1, slow regeneration
3
a: Heal Wounds, Evoke Flight


You were on level 4 of the Dungeon.
You were not hungry.

You visited 1 branch of the dungeon, and saw 4 of its levels.

You collected 194 gold pieces.

Inventory:

Hand Weapons
 i - a +1 short sword of venom
 B - a +0 hand axe (weapon)
Armour
 k - a cursed +0 pair of boots (worn)
 p - a cursed +0 shield (worn)
 y - a +0 ring mail (worn)
Jewellery
 l - a ring of flight (left hand)
 z - a cursed ring of loudness {unknown}
Wands
 c - a wand of flame (15/48)
 e - a wand of random effects (15/48)
 E - a wand of enslavement (15/24)
 L - a wand of lightning (10/15)
Scrolls
 b - 2 scrolls of enchant weapon {unknown}
 d - 2 scrolls of remove curse {unknown}
 g - a scroll of enchant armour {unknown}
 h - a scroll of fear {unknown}
 m - a scroll of blinking {unknown}
 n - a scroll of noise {unknown}
 r - a scroll of recharging {unknown}
 t - a scroll of teleportation {unknown}
 w - a scroll of random uselessness {unknown}
Potions
 o - a potion of brilliance
Comestibles
 a - 3 meat rations {@e2}
 f - 4 bread rations {@e1}
 v - 6 chunks of flesh {@w0}
 x - a royal jelly


   Skills:
 - Level 4.4 Fighting
 - Level 0.8 Short Blades
 * Level 2.7 Axes
 - Level 2.1 Dodging
 - Level 1.2 Stealth
 + Level 6.6 Evocations


You had 5 spell levels left.
You didn't know any spells.

Dungeon Overview and Level Annotations

Branches:
Dungeon (4/15)
 Temple: D:4-7

Altars:
Hepliaklqana

Annotations:
D:2 1 runed door


Innate Abilities, Weirdness & Mutations

You are resistant to damage.
You can recharge devices by infusing magical energy.
You passively map a small area around you.
You do not regenerate.


Message History

* * * LOW HITPOINT WARNING * * *
You are more poisoned.
The scorpion poisons you! The scorpion stings you.
* * * LOW HITPOINT WARNING * * *
You take 8 damage, and have 15/58 hp.
You closely miss the scorpion.
The scorpion is heavily wounded.
You hit the scorpion.
* * * LOW HITPOINT WARNING * * *
You feel very sick. The scorpion barely misses you. The scorpion stings you.
* * * LOW HITPOINT WARNING * * *
You take 8 damage, and have 7/58 hp.
You hit the scorpion but do no damage.
The scorpion is heavily wounded.
You closely miss the scorpion.
* * * LOW HITPOINT WARNING * * *
You feel very sick. The scorpion stings you!
You die...

██.████████.████.█
█..............█)█
█....<.██...██.█.█ ·
.....█.██.████...█
█.█....██.█.....██ ▓
.....████.█.███.██████
.)███▓ █.█ █......█
█.▓ ▓ █.█ ███s███.█ ·
. ▓ ▓▓ █.. █.s@█ ███
█.P███ ▓ ▓ ▓ · █.█ · ·
· ·▓ ▓█.▓ ▓▓ ▓ . ▓ ▓ █
· · · ▓ · ▓ ▓


You could see 2 scorpions.

Vanquished Creatures
  Duvessa (D:4)
  Dowan (D:4)
  2 orc priests (D:3)
  2 orc wizards (D:3)
  Jessica (D:2)
  5 adders
  2 dart slugs
  3 leopard geckos
  14 orcs (D:3)
  9 bats
  3 giant cockroaches
  5 goblins
  3 hobgoblins
  5 jackals
  2 quokkas
  4 frilled lizards
  8 kobolds
  12 rats
82 creatures vanquished.

Vanquished Creatures (others)
  A bat (D:3)
1 creature vanquished.

Grand Total: 83 creatures vanquished

Notes
Turn   | Place    | Note
-------+----------+-------------------------------------------
     0 | D:1      | Goblin1989 the Deep Dwarf Artificer began the quest for the Orb.
     0 | D:1      | Reached XP level 1. HP: 16/16 MP: 3/3
    13 | D:1      | Reached skill level 1 in Fighting
   110 | D:1      | Reached XP level 2. HP: 25/25 MP: 5/5
   879 | D:2      | Found a hazy altar of Hepliaklqana.
   905 | D:2      | Reached XP level 3. HP: 28/32 MP: 6/6
   965 | D:2      | Noticed Jessica
   975 | D:2      | Killed Jessica
  1148 | D:2      | Found a runed door.
  1340 | D:2      | Reached XP level 4. HP: 35/42 MP: 7/7
  1686 | D:3      | Reached skill level 5 in Evocations
  1783 | D:3      | Reached XP level 5. HP: 23/49 MP: 7/9
  1963 | D:3      | Reached skill level 6 in Evocations
  2111 | D:3      | Found a faded altar of an unknown god.
  2418 | D:4      | Reached XP level 6. HP: 57/58 MP: 9/9
  2427 | D:4      | Noticed Duvessa
  2443 | D:4      | Killed Duvessa
  2448 | D:4      | Noticed Dowan
  2483 | D:4      | Killed Dowan
  2511 | D:4      | Slain by a scorpion

Vault maps used:
D:1:      onia_arrival_larder, serial_bayou_crossing
D:2:      overflow_temple_1_default, first_bread, uniq_jessica,
          uniq_crazy_yiuf_cottage
D:3:      chequers_ecumenical_altar_simple
D:4:      old_forge, chequers_temple_overflow_statue_of_worship,
          vehumet_altar_wand_db, uniq_duvessa, uniq_blork_the_orc

Skill      XL: |  1  2  3  4  5  6 |
---------------+-------------------+-----
Fighting       | 1 2 3 4 |  4.4
Evocations     | 5 6 |  6.6
Axes           | 2 |  2.7
Short Blades   | |  0.8
Dodging        | |  2.1
Stealth        | |  1.2

Action                   |  1- 3 |  4- 6 || total
-------------------------+-------+-------++-------
Melee: Short sword       |   126 |   153 ||   279
       Hand axe          |       |    55 ||    55
 Abil: Heal Wounds       |     1 |     7 ||     8
  Use: Potion            |       |     6 ||     6
 Stab: Sleeping          |     3 |       ||     3
  Eat: Chunk             |     1 |     5 ||     6
Armor: Leather armour    |    34 |    75 ||   109
       Ring mail         |       |    47 ||    47
Dodge: Dodged            |    87 |   114 ||   201
Block: Shield            |    11 |    86 ||    97

Vault maps used:
D:1:      onia_arrival_larder, serial_bayou_crossing
D:2:      overflow_temple_1_default, first_bread, uniq_jessica,
          uniq_crazy_yiuf_cottage
D:3:      chequers_ecumenical_altar_simple
D:4:      old_forge, chequers_temple_overflow_statue_of_worship,
          vehumet_altar_wand_db, uniq_duvessa, uniq_blork_the_orc
